 Dungeon Crawl Stone Soup version 0.24-a0-530-g18ba70b5 (webtiles) character file.

Game seed: 8765841957251484495

236 pichaelthompson the Charmwright (level 6, -6/50 HPs)
             Began as a Gnoll Skald on Aug 7, 2019.
             Mangled by an ogre
             ... wielding a +0 giant spiked club
              (18 damage)
             ... on level 4 of the Dungeon.
             The game lasted 00:07:06 (3510 turns).

pichaelthompson the Charmwright (Gnoll Skald)       Turns: 3510, Time: 00:07:07

Health: -6/50      AC: 10    Str: 14    XL:     6   Next: 6%
Magic:  10/13      EV: 16    Int: 15    God:
Gold:   216        SH:  4    Dex: 16    Spells: 8/15 levels left

rFire    . . .     SeeInvis .   m - +0 trident
rCold    . . .     Gourm    .   v - +0 buckler
rNeg     + . .     Faith    .   n - +3 scale mail {rN+}
rPois    .         Spirit   .   (no helmet)
rElec    .         Reflect  .   (no cloak)
rCorr    .         Harm     .   (no gloves)
MR       .....     Rnd*Tele +   u - +0 pair of boots
Stlth    +.........             (no amulet)
HPRegen  1.16/turn              k - ring of teleportation (curse)
MPRegen  0.13/turn              a - +5 ring of evasion

@: regenerating (expiring)
A: distributed training, fangs 1, strong nose
a: no special abilities


You were on level 4 of the Dungeon.
You were not hungry.

You visited 2 branches of the dungeon, and saw 5 of its levels.

You collected 216 gold pieces.

Inventory:

Hand Weapons
 m - a +0 trident (weapon)
Armour
 n - a +3 scale mail of positive energy (worn)
 u - a +0 pair of boots (worn)
 v - a +0 buckler (worn)
Jewellery
 a - a +5 ring of evasion (right hand)
 k - a cursed ring of teleportation (left hand)
 x - an uncursed ring of magical power
Wands
 o - a wand of acid (7)
Scrolls
 c - 3 scrolls of remove curse {unknown}
 e - 4 scrolls of enchant weapon {unknown}
 f - a scroll of immolation {unknown}
 h - 2 scrolls of fear {unknown}
 l - 4 scrolls of identify {unknown}
 p - a scroll of teleportation {unknown}
 q - a scroll of random uselessness {unknown}
 s - a scroll of enchant armour {unknown}
 t - a scroll of amnesia {unknown}
 y - a scroll of magic mapping {unknown}
Potions
 b - a potion of might {unknown}
 g - 3 potions of curing {unknown}
 i - a potion of mutation {unknown}
 j - a potion of degeneration {unknown}
 r - a potion of lignification {unknown}
Comestibles
 d - 4 rations
 w - 4 chunks of flesh


   Skills:
 + Level 4.9 Fighting
 + Level 1.7 Short Blades
 + Level 1.7 Long Blades
 + Level 1.7 Axes
 + Level 1.7 Maces & Flails
 + Level 4.9 Polearms
 + Level 1.7 Staves
 + Level 1.7 Slings
 + Level 1.7 Bows
 + Level 1.7 Crossbows
 + Level 1.7 Throwing
 + Level 3.1 Armour
 + Level 4.9 Dodging
 + Level 1.7 Stealth
 + Level 1.7 Shields
 + Level 1.7 Unarmed Combat
 + Level 5.3 Spellcasting
 + Level 1.3 Conjurations
 + Level 1.3 Hexes
 + Level 5.6 Charms
 + Level 1.3 Summonings
 + Level 1.3 Necromancy
 + Level 1.3 Translocations
 + Level 1.3 Transmutations
 + Level 1.3 Fire Magic
 + Level 1.3 Ice Magic
 + Level 1.3 Air Magic
 + Level 1.3 Earth Magic
 + Level 1.3 Poison Magic
 + Level 2.0 Invocations
 + Level 1.7 Evocations


You had 8 spell levels left.
You knew the following spells:

 Your Spells              Type           Power        Failure   Level  Hunger
a - Infusion              Chrm           ###.         9%          1    None
b - Spectral Weapon       Hex/Chrm       ##......     54%         3    ###....
c - Regeneration          Chrm/Necr      ##........   54%         3    ###....

Your spell library contained the following spells:

 Spells                   Type           Power        Failure   Level  Hunger
 Song of Slaying          Chrm           ###.....     13%         2    ##.....
 Shroud of Golubria       Chrm/Tloc      ##....       32%         2    ##.....


Dungeon Overview and Level Annotations

Branches:
Dungeon (4/15)             Temple (1/1) D:4

Altars:
Cheibriados
Dithmenos
Elyvilon
Fedhas
Gozag
Hepliaklqana
Kikubaaqudgha
Makhleb
Nemelex Xobeh
Ru
Trog
Uskayaw
Wu Jian
Xom
Yredelemnul
Zin
The Shining One

Annotations:
D:4 Sigmund


Innate Abilities, Weirdness & Mutations

Your experience applies equally to all skills.
You have very sharp teeth.
Your uncanny sense of smell can sniff out nearby items.


Message History

You're too confused to cast spells.
Your shield and scale mail prevent you from hitting your spectral weapon.
Your spectral weapon is heavily damaged.
You feel strangely unstable.
You are suddenly yanked towards a nearby monster!
Your surroundings suddenly seem different.
An ogre comes into view. It is wielding a +0 giant spiked club.
The ogre shouts!
Found an escape hatch in the floor.
You're too confused to cast spells.
Unknown command.
You're too confused to move!
You feel less confused.
Casting: Spectral Weapon (quite dangerous; 54% risk of failure)
Confirm with . or Enter, or press ? or * to list all spells.
Your skin crawls.
The ogre barely misses you.
You closely miss the ogre.
Your skin is crawling a little less now.
The ogre hits you with a +0 giant spiked club!!
You die...

#.......#####
#...........##
#............
#...........
#.........#
#....>....#
#......O..#
#.....@...#
##.....##.# #.....#
# ## #...... .
####+#### #
.....###### ######
#.##.##...# #.....
#.##.##.#.####.....
##.##.##.#..........


You could see an ogre.

Vanquished Creatures
  An orc priest (D:4)
  A centaur skeleton (D:4)
  Jessica (D:2)
  Terence (D:2)
  An orc wizard (D:4)
  A worker ant (D:4)
  2 adders (D:2)
  An ooze (D:1)
  2 worms (D:4)
  A dart slug (D:1)
  3 orcs (D:4)
  3 goblins
  6 hobgoblins
  5 jackals
  3 ball pythons
  4 bats
  4 frilled lizards
  8 kobolds
  4 rats
52 creatures vanquished.

Vanquished Creatures (others)
  A spectral weapon (D:2)
1 creature vanquished.

Grand Total: 53 creatures vanquished

Notes
Turn   | Place    | Note
-------+----------+-------------------------------------------
     0 | D:1      | pichaelthompson the Gnoll Skald began the quest for the
                  | Orb.
     0 | D:1      | Reached XP level 1. HP: 20/20 MP: 6/6
   257 | D:1      | Reached XP level 2. HP: 17/26 MP: 7/7
   921 | D:2      | Found a shimmering altar of Xom.
   923 | D:2      | Found a hazy altar of Hepliaklqana.
   924 | D:2      | Noticed a spectral ugly thing
   987 | D:2      | Reached skill level 5 in Spellcasting
   987 | D:2      | Reached XP level 3. HP: 13/31 MP: 7/9
   996 | D:2      | Learned a level 3 spell: Spectral Weapon
  1000 | D:2      | Learned a level 3 spell: Regeneration
  1343 | D:2      | Noticed Jessica
  1349 | D:2      | Killed Jessica
  1349 | D:2      | Reached skill level 1 in Short Blades
  1349 | D:2      | Reached skill level 1 in Long Blades
  1349 | D:2      | Reached skill level 1 in Axes
  1349 | D:2      | Reached skill level 1 in Maces & Flails
  1349 | D:2      | Reached skill level 1 in Staves
  1349 | D:2      | Reached skill level 1 in Slings
  1349 | D:2      | Reached skill level 1 in Bows
  1349 | D:2      | Reached skill level 1 in Crossbows
  1349 | D:2      | Reached skill level 1 in Throwing
  1349 | D:2      | Reached skill level 1 in Stealth
  1349 | D:2      | Reached skill level 1 in Shields
  1349 | D:2      | Reached skill level 1 in Unarmed Combat
  1349 | D:2      | Reached skill level 1 in Invocations
  1349 | D:2      | Reached skill level 1 in Evocations
  1349 | D:2      | Reached XP level 4. HP: 22/38 MP: 11/11
  1808 | D:2      | Noticed Terence
  1859 | D:2      | Killed Terence
  1859 | D:2      | Reached skill level 1 in Conjurations
  1859 | D:2      | Reached skill level 1 in Hexes
  1859 | D:2      | Reached skill level 1 in Summonings
  1859 | D:2      | Reached skill level 1 in Necromancy
  1859 | D:2      | Reached skill level 1 in Translocations
  1859 | D:2      | Reached skill level 1 in Transmutations
  1859 | D:2      | Reached skill level 1 in Fire Magic
  1859 | D:2      | Reached skill level 1 in Ice Magic
  1859 | D:2      | Reached skill level 1 in Air Magic
  1859 | D:2      | Reached skill level 1 in Earth Magic
  1859 | D:2      | Reached skill level 1 in Poison Magic
  2604 | D:3      | Found a bloodstained altar of Trog.
  2970 | D:3      | Reached XP level 5. HP: 43/43 MP: 12/12
  3039 | D:3      | Found a glowing silver altar of Zin.
  3039 | D:3      | Found an ancient bone altar of Kikubaaqudgha.
  3145 | D:4      | Found a staircase to the Ecumenical Temple.
  3157 | Temple   | Entered the Ecumenical Temple
  3450 | D:4      | Reached XP level 6. HP: 41/50 MP: 13/13
  3482 | D:4      | Noticed Sigmund
  3510 | D:4      | Mangled by an ogre

Levels and vault maps discovered:
D:1:      roderic_chinese_lattice_arrival, layout_loops_ring
D:2:      layout_basic, regret_index_temple_of_mockery, dk_noncrumbling_2,
          uniq_terence, uniq_jessica
D:3:      layout_loops_ring, old_standard_altar,
          gammafunk_temple_overflow_pools, chequers_hall_statues_y,
          feat_on_display
D:4:      black_bear_nest_1, layout_basic, minmay_temple_entry_wispy,
          first_ration, trog_book, uniq_sigmund, uniq_natasha
Temple:   minmay_temple_bridge_abc

Skill      XL: |  1  2  3  4  5  6 |
---------------+-------------------+-----
Spellcasting   | 5 |  5.3
Short Blades   | 1 |  1.7
Long Blades    | 1 |  1.7
Axes           | 1 |  1.7
Maces & Flails | 1 |  1.7
Staves         | 1 |  1.7
Slings         | 1 |  1.7
Bows           | 1 |  1.7
Crossbows      | 1 |  1.7
Throwing       | 1 |  1.7
Stealth        | 1 |  1.7
Shields        | 1 |  1.7
Unarmed Combat | 1 |  1.7
Invocations    | 1 2 |  2.0
Evocations     | 1 |  1.7
Conjurations   | 1 |  1.3
Hexes          | 1 |  1.3
Summonings     | 1 |  1.3
Necromancy     | 1 |  1.3
Translocations | 1 |  1.3
Transmutations | 1 |  1.3
Fire Magic     | 1 |  1.3
Ice Magic      | 1 |  1.3
Air Magic      | 1 |  1.3
Earth Magic    | 1 |  1.3
Poison Magic   | 1 |  1.3
Armour         | 3 |  3.1
Fighting       | |  4.9
Polearms       | |  4.9
Dodging        | |  4.9
Charms         | |  5.6

Action                   |  1- 3 |  4- 6 || total
-------------------------+-------+-------++-------
Melee: Spear             |    83 |    36 ||   119
       Bite              |     6 |    19 ||    25
       Punch             |     1 |     1 ||     2
       Trident           |       |   124 ||   124
 Cast: Regeneration      |       |     3 ||     3
       Spectral Weapon   |       |     3 ||     3
 Stab: Sleeping          |     3 |       ||     3
  Eat: Chunk             |     1 |     8 ||     9
Armor: Leather armour    |    13 |     4 ||    17
       Scale mail        |       |    36 ||    36
Dodge: Dodged            |    37 |    90 ||   127
Block: Buckler           |       |     8 ||     8

Table legend:
 A = Non-vault XP
 B = Vault XP
 C = Vault XP percentage of total XP
 D = Non-vault monster count
 E = Vault monster count
 F = Vault count percentage of total count
                 A         B        C        D         E       F
            +---------+---------+-------+---------+---------+-------
      Total |     265 |      73 |  21.6 |      50 |       2 |   3.8
            +---------+---------+-------+---------+---------+-------
        D:1 |      20 |       0 |   0.0 |       9 |       0 |   0.0
        D:2 |      56 |      73 |  56.6 |      21 |       2 |   8.7
        D:3 |      17 |       0 |   0.0 |      11 |       0 |   0.0
        D:4 |     172 |       0 |   0.0 |       9 |       0 |   0.0
            +---------+---------+-------+---------+---------+-------
